 Dungeon Sprint DCSS version 0.21.1-1-g345015f (webtiles) character file.

280 Fang the Fighter (level 6, 0/45 HPs)
             Began as a Gargoyle Berserker on May 21, 2018.
             Was a Believer of Trog.
             Slain by a merfolk
             ... wielding the +10 scimitar "Gargoyle's Foe" {flame, +Blink rF++ Str+4 Int-4}
              (4 damage)
             ... in the Dungeon (Sprint V: "Ziggurat Sprint").
             The game lasted 00:01:35 (660 turns).

Fang the Fighter (Gargoyle Berserker)                Turns: 660, Time: 00:01:38

Health: 0/45       AC: 21    Str: 29    XL:     6   Next: 27%
Magic:  6/6        EV: 10    Int:  7    God:    Trog [**....]
Gold:   0          SH:  0    Dex:  9    Spells: 5/5 levels left

rFire    . . .     SeeInvis .   l - +5 demon trident
rCold    . . .     Gourm    .   (no shield)
rNeg     + . .     Faith    .   j - +5 shadow dragon scales
rPois    ∞         Spirit   .   (no helmet)
rElec    +         Reflect  .   (no cloak)
rCorr    .         Harm     .   (no gloves)
MR       .....     NoTele   +   (no boots)
Stlth    ++........             (no amulet)
HPRegen  0.15/turn              G - ring of flight
MPRegen  0.10/turn              F - +6 ring of strength

@: berserk cooldown, slowed, very slow
A: negative energy resistance 1, electricity resistance, unbreathing,
petrification resistance, rot immunity, AC +4
a: Berserk, Trog's Hand, Burn Spellbooks, Renounce Religion, Evoke Flight


You were in the Dungeon.
You worshipped Trog.
Trog was pleased with you.
You were very hungry.

You visited 1 branch

Inventory:

Hand Weapons
 k - a +5 executioner's axe
 l - a +5 demon trident (weapon)
Armour
 j - +5 shadow dragon scales (worn)
Jewellery
 F - a +6 ring of strength (right hand)
 G - a ring of flight (left hand)
Wands
 x - a wand of disintegration (7)
 y - a wand of iceblast (7)
 z - a wand of acid (7)
Scrolls
 i - 4 scrolls of blinking
 m - 7 scrolls of fog
 n - a scroll of holy word
 o - 5 scrolls of identify
 p - 5 scrolls of remove curse
 q - 2 scrolls of fear
Potions
 d - 10 potions of curing
 e - 10 potions of heal wounds
 f - 6 potions of haste
 g - 7 potions of magic
 h - 3 potions of berserk rage
 r - 2 potions of brilliance
 s - 2 potions of invisibility
 t - 4 potions of resistance
 u - a potion of experience
 v - 5 potions of agility
 w - 5 potions of might
Miscellaneous
 b - a lamp of fire
 A - a sack of spiders
Comestibles
 a - 6 chunks of flesh
 c - 7 rations


   Skills:
 + Level 8.9 Fighting
 + Level 7.3(7.6) Axes
 + Level 2.9(5.4) Polearms
 + Level 5.5 Armour
 + Level 3.4 Dodging


You had 5 spell levels left.
You didn't know any spells.

Dungeon Overview and Level Annotations

Branches:
Dungeon (1/1)

Altars:
Ashenzari
Cheibriados
Dithmenos
Elyvilon
Fedhas
Gozag
Hepliaklqana
Kikubaaqudgha
Makhleb
Nemelex Xobeh
Okawaru
Qazlal
Ru
Sif Muna
Trog
Uskayaw
Vehumet
Wu Jian
Xom
Yredelemnul
Zin
The Shining One
Beogh
Jiyva
Lugonu

Annotations:
D 1 transporter


Innate Abilities, Weirdness & Mutations

You are resistant to torment.
Your stone body is resilient. (AC +4)
You are immune to poison.
You resist negative energy. (rN+)
You are resistant to electric shocks. (rElec)
You can survive without breathing.
You are immune to petrification.
You are immune to rotting.


Message History

You hit the merfolk.
The merfolk is lightly wounded.
The merfolk hits you from afar with a trident!
The merfolk hits you from afar with a trident. x2
The merfolk hits you but does no damage.
The merfolk hits you from afar with a trident.
Unknown command.
You hit the merfolk but do no damage.
The merfolk is lightly wounded.
The merfolk misses you.
The merfolk hits you but does no damage. x3
The merfolk barely misses you.
You are feeling very hungry.
You puncture the merfolk!
The merfolk is moderately wounded.
The merfolk hits you from afar with a trident!
* * * LOW HITPOINT WARNING * * *
The merfolk closely misses you.
The merfolk hits you with the +10 scimitar "Gargoyle's Foe" {flame, +Blink rF++ Str+4 Int-4}.
You die...

▓▓▓▓▓▓▓▓▓▓▓▓▓▓▓▓▓▓▓
▓.8©8.▓.8©8.▓.8©8.▓
▓.[)}.▓.}...▓.....▓
▓..}..▓.....▓.|.}.▓
▓.....▓.[.).▓.....▓
▓.mmm.▓...[.▓.....▓
▓..m..▓.....▓..©..▓
▓..@..▓..©(.▓▓▓▓▓▓▓
▓▓▓▓▓▓▓▓▓▓▓▓▓


You could see 4 merfolk.

Vanquished Creatures
  A golden eye (D)
  An eye of draining (D)
  An orc wizard (D)
  An orc priest (D)
  An orc (D)
5 creatures vanquished.

Notes
Turn   | Place    | Note
-------+----------+-------------------------------------------
     0 | D        | Found the +6 Majin-Bo {vamp, Archmagi MP+6 Int+6}
     0 | D        | Found the +7 great mace "Firestarter" {inner flame, rF++}
     0 | D        | Fang the Gargoyle Berserker began the quest for the Orb.
     0 | D        | Reached XP level 1. HP: 14/14 MP: 1/1
     3 | D        | Found a blossoming altar of Fedhas.
     4 | D        | Found a viscous altar of Jiyva.
     4 | D        | Found a hazy altar of Hepliaklqana.
     4 | D        | Found a transporter.
     4 | D        | Found an opulent altar of Gozag.
     4 | D        | Found an ancient bone altar of Kikubaaqudgha.
     4 | D        | Found a corrupted altar of Lugonu.
    10 | D        | Found a burning altar of Makhleb.
    11 | D        | Found a stormy altar of Qazlal.
    11 | D        | Found a sacrificial altar of Ru.
    11 | D        | Found an iron altar of Okawaru.
    11 | D        | Found a deep blue altar of Sif Muna.
    11 | D        | Found a sparkling altar of Nemelex Xobeh.
    11 | D        | Found a bloodstained altar of Trog.
    73 | D        | Entered arena 2.
    73 | D        | Noticed a golden eye
    73 | D        | Noticed an eye of draining
    73 | D        | Found a transporter.
    82 | D        | Killed an eye of draining
    82 | D        | Reached skill level 6 in Fighting
    82 | D        | Reached skill level 5 in Axes
    82 | D        | Reached XP level 2. HP: 23/23 MP: 0/2
    82 | D        | Reached XP level 3. HP: 28/28 MP: 0/3
    82 | D        | Reached XP level 4. HP: 32/32 MP: 0/4
   523 | D        | Killed a golden eye
   523 | D        | Reached skill level 8 in Fighting
   523 | D        | Reached skill level 5 in Armour
   523 | D        | Reached XP level 5. HP: 40/40 MP: 5/5
   563 | D        | Entered arena 3.
   563 | D        | Found a transporter.
   572 | D        | Reached ** piety under Trog
   572 | D        | Reached XP level 6. HP: 45/45 MP: 6/6
   651 | D        | Entered arena 4.
   651 | D        | Noticed a merfolk
   651 | D        | Noticed a merfolk
   651 | D        | Noticed a merfolk
   651 | D        | Noticed a merfolk
   651 | D        | Found a transporter.
   660 | D        | Identified the +10 scimitar "Gargoyle's Foe" {flame, +Blink rF++ Str+4 Int-4}
   660 | D        | Slain by a merfolk

Skill      XL: |  1  2  3  4  5 |
---------------+----------------+-----
Fighting       | 6 8 |  8.9
Axes           | 5 6 7 |  7.3
Armour         | 3 5 |  5.5
Dodging        | 2 3 |  3.4
Polearms       | 2 |  2.9

Action                   |  1- 3 |  4- 6 || total
-------------------------+-------+-------++-------
Melee: Demon trident     |     4 |    37 ||    41
Invok: Berserk           |     1 |     2 ||     3
  Eat: Chunk             |       |     1 ||     1
Armor: Shadow dragon sca |       |    26 ||    26
Dodge: Dodged            |       |    16 ||    16
